 Dungeon Crawl Stone Soup version 0.19.1-1-g22dce08 (webtiles) character file.

1780 Jynx the Frost Mage (level 9, -2/57 HPs)
             Began as a Merfolk Ice Elementalist on Jan 14, 2017.
             Was a Follower of Makhleb.
             Slain by a hornet (3 damage)
             ... while paralysed by a hornet
             ... on level 6 of the Dungeon.
             The game lasted 00:18:28 (6737 turns).

Jynx the Frost Mage (Merfolk Ice Elementalist)      Turns: 6737, Time: 00:18:29

Health: -2/57      AC: 11    Str: 10    XL:     9   Next: 8%
Magic:  2/16       EV:  2    Int: 15    God:    Makhleb [*.....]
Gold:   277        SH:  0    Dex: 15    Spells: 5 memorised, 4 levels left

rFire  . . .     SeeInvis +     u - +9 dagger "Ahoa" {pierce, rElec SInv}
rCold  . . .     Gourm    .     a - +1 robe
rNeg   . . .     Faith    .     (no shield)
rPois  .         Spirit   .     (no helmet)
rElec  +         Reflect  .     (no cloak)
rCorr  .         Harm     .     i - +0 pair of gloves
MR     .....                    h - +0 pair of boots
Stlth  ++........               (no amulet)
                                (no ring)
                                (no ring)

@: paralysed, lethally poisoned (-2 -> -17), icy armour, slowed, slow
A: change form in water, swift swim, stealthy swim
a: Renounce Religion


You were on level 6 of the Dungeon.
You worshipped Makhleb.
Makhleb was aware of your devotion.
You were hungry.

You visited 2 branches of the dungeon, and saw 8 of its levels.

You collected 277 gold pieces.

Inventory:

Hand Weapons
 u - the +9 dagger "Ahoa" (weapon) {pierce, rElec SInv}
   (You took it off an orc on level 6 of the Dungeon)

   It inflicts extra damage upon your enemies.
   It insulates you from electricity.
   It lets you see invisible.
 v - a +3 dagger of electrocution
Missiles
 s - 62 stones (quivered)
Armour
 a - a +1 robe (worn)
 h - a +0 pair of boots (worn)
 i - a +0 pair of gloves (worn)
Jewellery
 B - an uncursed ring of stealth {unknown}
Scrolls
 d - 2 scrolls of fear
 f - 6 scrolls of remove curse
 n - a scroll of teleportation
 q - a scroll of amnesia
 x - a scroll of recharging
 y - 2 scrolls of identify
 A - a scroll of fog {unknown}
 C - a scroll of acquirement {unknown}
Potions
 e - 2 potions of resistance
 g - 2 potions of berserk rage
 j - a potion of heal wounds
 k - a potion of lignification {unknown}
 l - 6 potions of curing
 o - 2 potions of agility
 p - a potion of degeneration {unknown}
 w - a potion of invisibility {unknown}
Books
 b - a book of Frost

   Spells                             Type                      Level
   a - Freeze                         Ice                          1
   b - Throw Frost                    Conjuration/Ice              2
   c - Ozocubu's Armour               Charms/Ice                   3
   d - Throw Icicle                   Conjuration/Ice              4
   e - Summon Ice Beast               Ice/Summoning                4
 z - a book of Necromancy

   Spells                             Type                      Level
   a - Pain                           Necromancy                   1
   b - Animate Skeleton               Necromancy                   1
   c - Vampiric Draining              Necromancy                   3
   d - Regeneration                   Charms/Necromancy            3
   e - Animate Dead                   Necromancy                   4
   f - Control Undead                 Necromancy                   4
Comestibles
 c - 3 bread rations
 m - 2 beef jerkies
 r - a royal jelly
 t - 3 meat rations


   Skills:
 - Level 2.6 Dodging
 - Level 2.1 Stealth
 + Level 5.2 Spellcasting
 + Level 4.0 Conjurations
 + Level 5.0 Charms
 * Level 8.6 Ice Magic


You had 4 spell levels left.
You knew the following spells:

 Your Spells              Type           Power        Failure   Level  Hunger
a - Freeze                Ice            ####         1%          1    None
b - Throw Frost           Conj/Ice       ###...       1%          2    ##.....
c - Ozocubu's Armour      Chrm/Ice       ###.....     2%          3    ###....
d - Throw Icicle          Conj/Ice       ###.....     14%         4    ####...
e - Summon Ice Beast      Ice/Summ       ###.....     28%         4    ####...


Dungeon Overview and Level Annotations

Branches:
Dungeon (7/15)             Temple (1/1) D:4

Altars:
Ashenzari
Cheibriados
Dithmenos
Elyvilon
Fedhas
Gozag
Hepliaklqana
Makhleb
Nemelex Xobeh
Okawaru
Qazlal
Ru
Sif Muna
Uskayaw
Vehumet
Xom
Yredelemnul
Zin


Message History

You feel yourself slow down. The worker ant bites you.
The orc barely misses you. The hornet closely misses you.
Casting: Freeze
Confirm with . or Enter, or press ? or * to list all spells.
Aiming: Freeze
Press: ? - help, Shift-Dir - straight line, f/p - hornet
Aim: a hornet (lightly wounded)
You freeze the hornet.
The hornet is lightly wounded.
You feel sick. The hornet stings you!
* * * LOW HITPOINT WARNING * * *
You suddenly lose the ability to move!
The worker ant bites you but does no damage.
The orc hits you but does no damage. The hornet stings you.
* * * LOW HITPOINT WARNING * * *
You feel as though you will be slow longer.
The worker ant bites you but does no damage.
* * * LOW HITPOINT WARNING * * *
You feel sick. The hornet stings you.
You die...

............#......###...........
...#.................#....##..#.#
...#.......##......#..........#.#
...........).....<.#.......#.....
...#.......##........#...........
...........##.......#.....##.._..
.....##.#####......<...##.#......
...#.##.# #......#....#.#......
...#....#####..a@.#.........#..#.
##.............o.y.......#####.##
#.#..#####....<........).###..#
##....####....................##
#.................)......[#####
#.##....##................#
#.##....##....)...........# #
..........................# #
..........##.............## #


You could see a hornet, a worker ant and an orc.

Vanquished Creatures
  A mottled dragon (D:6)
  An ice beast (D:5)
  A phantom (D:5)
  2 ogres
  5 sky beasts
  A bullfrog (D:5)
  A scorpion (D:5)
  A howler monkey (D:4)
  2 crimson imps (D:5)
  3 hounds
  An orc priest (D:4)
  3 orc wizards
  Ijyb (D:3)
  A centaur skeleton (D:5)
  3 worker ants
  A hound zombie (D:5)
  A howler monkey zombie (D:5)
  9 gnolls
  4 adders
  A howler monkey skeleton (D:5)
  A shadow imp (D:5)
  2 oozes (D:5)
  3 worms
  10 dart slugs
  3 leopard geckos
  14 orcs
  6 giant cockroaches
  8 goblins
  7 hobgoblins
  10 jackals
  3 quokkas
  3 ball pythons
  7 bats
  8 frilled lizards
  6 kobolds
  A leopard gecko skeleton (D:4)
  4 rats
139 creatures vanquished.

Vanquished Creatures (collateral kills)
  An orc (D:7)
1 creature vanquished.

Grand Total: 140 creatures vanquished

Notes
Turn   | Place    | Note
-------+----------+-------------------------------------------
     0 | D:1      | Jynx the Merfolk Ice Elementalist began the quest for the Orb.
     0 | D:1      | Reached XP level 1. HP: 13/13 MP: 3/3
   138 | D:1      | Reached XP level 2. HP: 19/19 MP: 0/5
   524 | D:1      | Reached skill level 4 in Ice Magic
   691 | D:1      | Reached XP level 3. HP: 24/24 MP: 3/6
  1074 | D:1      | Learned a level 2 spell: Throw Frost
  1078 | D:1      | Learned a level 3 spell: Ozocubu's Armour
  1301 | D:1      | Reached XP level 4. HP: 4/30 MP: 1/8
  1562 | D:2      | Reached skill level 1 in Conjurations
  2217 | D:3      | Found a shadowy altar of Dithmenos.
  2246 | D:3      | Found a shimmering altar of Xom.
  2247 | D:3      | Found a sacrificial altar of Ru.
  2249 | D:3      | Found a shattered altar of Ashenzari.
  2252 | D:3      | Found a hazy altar of Hepliaklqana.
  2360 | D:3      | Noticed Ijyb
  2379 | D:3      | Killed Ijyb
  2379 | D:3      | Reached skill level 1 in Charms
  2379 | D:3      | Reached XP level 5. HP: 30/35 MP: 1/9
  2877 | D:3      | Reached skill level 5 in Ice Magic
  3115 | D:3      | Found an iron altar of Okawaru.
  3247 | D:4      | Found a staircase to the Ecumenical Temple.
  3255 | D:4      | Reached XP level 6. HP: 32/41 MP: 8/11
  4078 | D:4      | Reached skill level 6 in Ice Magic
  4078 | D:4      | Reached XP level 7. HP: 46/46 MP: 2/12
  4377 | Temple   | Entered the Ecumenical Temple
  4383 | Temple   | Became a worshipper of Makhleb the Destroyer
  4643 | D:5      | Entered Level 5 of the Dungeon
  5102 | D:5      | Reached skill level 7 in Ice Magic
  5102 | D:5      | Reached XP level 8. HP: 39/52 MP: 3/14
  5338 | D:5      | Reached * piety under Makhleb
  5454 | D:5      | Learned a level 4 spell: Throw Icicle
  5459 | D:5      | Learned a level 4 spell: Summon Ice Beast
  6082 | D:6      | Found a sparkling altar of Nemelex Xobeh.
  6109 | D:6      | Reached skill level 8 in Ice Magic
  6172 | D:6      | Reached skill level 5 in Spellcasting
  6281 | D:6      | Reached XP level 9. HP: 57/57 MP: 5/16
  6322 | D:6      | Reached skill level 5 in Charms
  6526 | D:6      | Got a scorched dagger {pierce}
  6527 | D:6      | Identified the +9 dagger "Ahoa" {pierce, rElec SInv} (You took it off an orc on level 6 of the Dungeon)
  6725 | D:7      | Noticed a hornet
  6736 | D:6      | Paralysed by a hornet for 3 turns
  6736 | D:6      | HP: 2/57 [hornet (4)]
  6737 | D:6      | Slain by a hornet

Skill      XL: |  1  2  3  4  5  6  7  8  9 |
---------------+----------------------------+-----
Ice Magic      | 4 5 6 7 8 |  8.6
Spellcasting   | 3 4 5 |  5.2
Conjurations   | 1 2 3 4 |  4.0
Charms         | 1 2 3 4 5 |  5.0
Dodging        | |  2.6
Stealth        | |  2.1

Action                   |  1- 3 |  4- 6 |  7- 9 || total
-------------------------+-------+-------+-------++-------
Melee: Unarmed           |     4 |       |       ||     4
       Dagger            |    16 |     7 |   128 ||   151
       Short sword       |     1 |    74 |       ||    75
 Cast: Freeze            |    53 |    78 |    60 ||   191
       Ozocubu's Armour  |       |     9 |     7 ||    16
       Throw Frost       |       |    11 |     7 ||    18
       Throw Icicle      |       |       |     5 ||     5
       Summon Ice Beast  |       |       |     1 ||     1
  Use: Scroll            |     8 |     4 |     2 ||    14
       Potion            |       |       |     1 ||     1
 Stab: Sleeping          |       |     1 |     3 ||     4
  Eat: Chunk             |     2 |     9 |    11 ||    22
Armor: Robe              |    17 |    41 |    41 ||    99
Dodge: Dodged            |    49 |    96 |   127 ||   272
